 Dungeon Crawl Stone Soup version 0.27-a0-1060-gcb85b5eba1 (webtiles) character file.

Game seed: 141342890575513495

441 tardwrangler69 the Digger (level 7, -10/41 HPs)
             Began as an Octopode Earth Elementalist on Apr 21, 2021.
             Mangled by Edmund
             ... wielding a +2 dire flail of protection
              (12 damage)
             ... on level 4 of the Dungeon.
             The game lasted 00:03:09 (4405 turns).

tardwrangler69 the Digger (OpEE)                    Turns: 4405, Time: 00:03:10

Health: -10/41     AC:  1    Str:  8    XL:     7   Next: 2%
Magic:  4/13       EV: 13    Int: 19    God:
Gold:   199        SH:  0    Dex: 12    Spells: 13/14 levels left

rFire    . . .     SeeInvis .   r - +0 trident
rCold    . . .     Faith    .   (no shield)
rNeg     . . .     Spirit   .   (helmet restricted)
rPois    +         Reflect  .   (no amulet)
rElec    .         Harm     .   d - ring of resist corrosion
rCorr    +         Rampage  .   f - ring of poison resistance
Will     .....                  (no ring)
Stlth    +++.......             (no ring)
HPRegen  0.13/turn              (no ring)
MPRegen  0.13/turn              (no ring)
                                (no ring)
                                (no ring)

@: no status effects
A: almost no armour, amphibious, 8 rings, camouflage 1, gelatinous body 1,
(nimble swimmer 1), tentacles
a: no special abilities


You were on level 4 of the Dungeon.
You visited 1 branch of the dungeon, and saw 4 of its levels.

You collected 199 gold pieces.

Inventory:

Hand Weapons
 r - a +0 trident (weapon)
Missiles
 b - 55 stones
Jewellery
 d - a ring of resist corrosion (left tentacle)
 f - a ring of poison resistance (right tentacle)
Wands
 g - a wand of polymorph (8)
Scrolls
 a - 3 scrolls of identify {unknown}
 h - a scroll of vulnerability {unknown}
 k - a scroll of torment {unknown}
 l - a scroll of silence {unknown}
 m - a scroll of immolation {unknown}
 q - a scroll of summoning {unknown}
 s - a scroll of enchant weapon {unknown}
 t - a scroll of fog {unknown}
Potions
 c - a potion of mutation {unknown}
 e - a potion of attraction {unknown}
 i - 3 potions of heal wounds {unknown}
 j - a potion of lignification {unknown}
 n - 2 potions of curing {unknown}
 o - a potion of degeneration {unknown}
 p - a potion of invisibility {unknown}


   Skills:
 - Level 2.0 Dodging
 - Level 2.6 Stealth
 + Level 4.1 Spellcasting
 - Level 1.0 Transmutations
 * Level 6.5 Earth Magic


You had 13 spell levels left.
You knew the following spells:

 Your Spells              Type           Power      Damage    Failure   Level
a - Sandblast             Erth           56%        2d13      1%          1

Your spell library contained the following spells:

 Spells                   Type           Power      Damage    Failure   Level
 Passwall                 Tmut/Erth      15%        N/A       4%          2
 Stone Arrow              Conj/Erth      32%        3d9       11%         3
 Lee's Rapid Deconstruct  Erth           14%        3d10*     26%         5
 Petrify                  Tmut/Erth      18%        N/A       28%         4


Dungeon Overview and Level Annotations

Branches:
Dungeon (4/15)
 Temple: D:4-7

Altars:
Elyvilon
Zin

Annotations:
D:4 Edmund, Pikel


Innate Abilities, Weirdness & Mutations

You cannot wear most types of armour.
You are amphibious.
You can wear up to eight rings at the same time.
Your skin changes colour to match your surroundings (Stealth+).
Your rubbery body absorbs attacks. (AC +1, EV +1)
((You are camouflaged near water. (Stealth+)))
You have tentacles for arms and can constrict up to eight enemies at once.


Message History

The blast of sand hits Edmund!
Edmund is heavily wounded.
Edmund hits you with a +2 dire flail of protection!
Casting: Sandblast (safe; 1% risk of failure)
Confirm with . or Enter, or press ? or * to list all spells.
Aiming: Sandblast (safe; 1% risk of failure)
Press: ? - help, Shift-Dir - straight line, f/p - Edmund
Aim: Edmund, wielding a +2 dire flail of protection and wearing a +0 ring mail (heavily wounded, 83% to hit)
The blast of sand hits Edmund.
Edmund is severely wounded.
Edmund barely misses you.
Casting: Sandblast (safe; 1% risk of failure)
Confirm with . or Enter, or press ? or * to list all spells.
Aiming: Sandblast (safe; 1% risk of failure)
Press: ? - help, Shift-Dir - straight line, f/p - Edmund
Aim: Edmund, wielding a +2 dire flail of protection and wearing a +0 ring mail (severely wounded, 83% to hit)
The blast of sand hits Edmund but does no damage.
Edmund is severely wounded.
Edmund completely misses you.
Casting: Sandblast (safe; 1% risk of failure)
Confirm with . or Enter, or press ? or * to list all spells.
Aiming: Sandblast (safe; 1% risk of failure)
Press: ? - help, Shift-Dir - straight line, f/p - Edmund
Aim: Edmund, wielding a +2 dire flail of protection and wearing a +0 ring mail (severely wounded, 83% to hit)
The blast of sand hits Edmund but does no damage.
Edmund is severely wounded.
Edmund hits you with a +2 dire flail of protection!
Casting: Sandblast (safe; 1% risk of failure)
Confirm with . or Enter, or press ? or * to list all spells.
Aiming: Sandblast (safe; 1% risk of failure)
Press: ? - help, Shift-Dir - straight line, f/p - Edmund
Aim: Edmund, wielding a +2 dire flail of protection and wearing a +0 ring mail (severely wounded, 83% to hit)
The blast of sand hits Edmund but does no damage.
Edmund is severely wounded.
Edmund hits you with a +2 dire flail of protection!
* * * LOW HITPOINT WARNING * * *
Okay, then.
Unknown command.
Edmund hits you with a +2 dire flail of protection!
You die...

#(.##
#..####...#
##..##
#........#
##..#
#.......##
#..##
#.....<.#
##..##
##......###
##..##
#........##
##..##
##...####..###
##..####@..##
###..##
##.)..@..##
###.#
##.....## #.#
###...# ##.#
##### #.##
###.#
#####..##
##....###
#.##### ###


You could see Edmund.

Vanquished Creatures
  An ogre (D:4)
  2 lemures (D:4)
  A scorpion (D:3)
  3 orc priests (D:3)
  Jessica (D:2)
  2 orc wizards
  4 adders
  A dart slug (D:2)
  14 orcs
  3 bats
  8 endoplasms
  2 giant cockroaches
  5 hobgoblins
  6 jackals (D:1)
  A quokka (D:1)
  9 ball pythons
  2 frilled lizards
  6 goblins
  4 kobolds
  7 rats
82 creatures vanquished.

Notes
Turn   | Place    | Note
-------+----------+-------------------------------------------
     0 | D:1      | tardwrangler69 the Octopode Earth Elementalist began the
                  | quest for the Orb.
     0 | D:1      | Reached XP level 1. HP: 11/11 MP: 3/3
   295 | D:1      | Reached XP level 2. HP: 13/17 MP: 5/5
  1224 | D:1      | Reached XP level 3. HP: 20/21 MP: 6/6
  1319 | D:1      | Found a faded altar of an unknown god.
  1612 | D:2      | Noticed Jessica
  1622 | D:2      | Killed Jessica
  1623 | D:2      | Reached skill level 4 in Earth Magic
  1623 | D:2      | Reached XP level 4. HP: 26/27 MP: 2/8
  2681 | D:3      | Reached XP level 5. HP: 31/31 MP: 9/9
  2807 | D:3      | Found a white marble altar of Elyvilon.
  2830 | D:3      | Reached skill level 5 in Earth Magic
  2833 | D:3      | HP: 1/31 [orc/+0 trident (7)]
  3357 | D:3      | Reached XP level 6. HP: 28/36 MP: 5/11
  3609 | D:3      | Reached skill level 6 in Earth Magic
  3904 | D:3      | Found a glowing silver altar of Zin.
  3905 | D:3      | Noticed an angel
  4014 | D:4      | Noticed Pikel
  4123 | D:4      | Identified the +0 cloak "Onaf" {Int+3 SInv}
  4263 | D:4      | Reached XP level 7. HP: 41/41 MP: 7/13
  4315 | D:4      | Noticed Edmund
  4399 | D:4      | HP: 1/41 [Edmund/+2 dire flail of protection (14)]
  4405 | D:4      | Mangled by Edmund

Illustrated notes

Levels and vault maps discovered:
D:1:      kilobyte_arrival_exit_the_forest, layout_loops_corners,
          shapermc_ecumenical_altar_mp_vishouse, palyth_stone_intersect
D:2:      layout_rooms, uniq_jessica
D:3:      layout_loops_cross, zin_angel, overflow_temple_1_default
D:4:      layout_layer_cave, uniq_edmund, uniq_menkaure, uniq_robin, uniq_pikel

Skill      XL: |  1  2  3  4  5  6 |
---------------+-------------------+-----
Earth Magic    | 4 5 6 |  6.5
Spellcasting   | 3 4 |  4.1
Dodging        | |  2.0
Stealth        | |  2.6
Transmutations | |  1.0

Action                   |  1- 3 |  4- 6 |  7- 9 || total
-------------------------+-------+-------+-------++-------
Melee: Short sword       |    47 |    44 |       ||    91
       Unarmed           |     3 |       |       ||     3
       Constrict         |    12 |    15 |       ||    27
       Tentacles         |     4 |    13 |       ||    17
       Trident           |       |    25 |       ||    25
 Cast: Sandblast         |     8 |    40 |    15 ||    63
 Stab: Sleeping          |    10 |    15 |       ||    25
Armor: Skin              |     3 |     8 |       ||    11
Dodge: Dodged            |    47 |    47 |     6 ||   100

Table legend: (Time is in decaauts)
 A = Elapsed time spent in this place.
 B = Non-inter-level travel time spent in this place.
 C = Inter-level travel time spent in this place.
 D = Time resting spent in this place.
 E = Time spent auto-exploring this place.
 F = Levels seen in this place.
 G = Mean time per level.
                   A        B        C        D        E       F      G
               +--------+--------+--------+--------+--------+-----+--------+
         Total |   4418 |   4283 |    135 |     22 |   3738 |   4 | 1104.5 |
       Dungeon |   4418 |   4283 |    135 |     22 |   3738 |   4 | 1104.5 |
               +--------+--------+--------+--------+--------+-----+--------+

Top non-repeatable levels by time:
     D:1: 1615 daAuts
     D:3: 1497 daAuts
     D:2: 865 daAuts
     D:4: 440 daAuts
